 Dungeon Crawl Stone Soup version 0.22.0-6-g71bd7aa (webtiles) character file.

1434 wojtek the Cleaver (level 8, -10/68 HPs)
             Began as a Minotaur Fighter on Aug 15, 2018.
             Was a Follower of Makhleb.
             Killed from afar by a deep elf mage (40 damage)
             ... with a shard of ice
             ... in a bailey.
             The game lasted 00:08:07 (5830 turns).

wojtek the Cleaver (Minotaur Fighter)               Turns: 5830, Time: 00:08:08

Health: -10/68     AC: 12    Str: 23    XL:     8   Next: 45%
Magic:  10/10      EV:  5    Int:  5    God:    Makhleb [*.....]
Gold:   283        SH: 10    Dex: 10    Spells: 7/7 levels left

rFire    . . .     SeeInvis .   a - +0 war axe
rCold    . . .     Gourm    .   c - +0 shield
rNeg     . . .     Faith    .   y - +0 plate armour
rPois    .         Spirit   .   (helmet restricted)
rElec    .         Reflect  .   (no cloak)
rCorr    .         Harm     .   (no gloves)
MR       .....                  (no boots)
Stlth    ..........             (no amulet)
HPRegen  0.21/turn              g - ring of stealth
MPRegen  0.12/turn              (no ring)

@: drained
A: retaliatory headbutt, horns 2
a: Renounce Religion


You were in a bailey.
You worshipped Makhleb.
Makhleb was aware of your devotion.
You were not hungry.

You visited 2 branches of the dungeon, and saw 8 of its levels.
You also visited: Bailey.

You collected 283 gold pieces.

Inventory:

Hand Weapons
 a - a +0 war axe (weapon)
Armour
 c - a +0 shield (worn)
 y - a +0 plate armour (worn)
Jewellery
 g - a ring of stealth (left hand)
 j - an uncursed ring of ice {unknown}
Scrolls
 e - 2 scrolls of noise
 h - 4 scrolls of identify
 i - 5 scrolls of teleportation
 m - 2 scrolls of magic mapping
 o - 2 scrolls of immolation
 p - a scroll of amnesia {unknown}
 r - a scroll of remove curse
 s - 2 scrolls of enchant weapon {unknown}
 u - a scroll of summoning {unknown}
 w - a scroll of enchant armour {unknown}
Potions
 b - 2 potions of mutation {unknown}
 d - a potion of might
 k - a potion of invisibility {unknown}
 l - 2 potions of degeneration {unknown}
 n - 3 potions of magic {unknown}
 t - a potion of haste {unknown}
 v - a potion of curing
 x - a potion of ambrosia {unknown}
 z - a potion of cancellation {unknown}
 A - a potion of flight {unknown}
Comestibles
 f - 13 rations
 q - 6 chunks of flesh


   Skills:
 + Level 5.3(4.7) Fighting
 + Level 8.7(8.0) Axes
 + Level 5.3(4.7) Armour
 + Level 3.1(2.5) Dodging
 + Level 5.3(4.7) Shields
 * Level 4.1(3.5) Invocations


You had 7 spell levels left.
You didn't know any spells.
Your spell library contained the following spells:

 Spells                   Type           Power        Failure   Level  Hunger
 Apportation              Tloc           #.....       100%        1    ##.....
 Summon Small Mammal      Summ           #...         100%        1    ##.....
 Animate Skeleton         Necr           N/A          100%        1    ##.....
 Summon Ice Beast         Ice/Summ       #.......     100%        4    #####..
 Call Imp                 Summ           #.......     100%        2    ###....
 Confusing Touch          Hex            #.....       100%        1    ##.....
 Call Canine Familiar     Summ           #.......     100%        3    ####...
 Summon Lightning Spire   Summ/Air       #.......     100%        4    #####..
 Summon Guardian Golem    Hex/Summ       #.......     100%        3    ####...


Dungeon Overview and Level Annotations

Branches:
Dungeon (7/15)             Temple (1/1) D:4

Altars:
Ashenzari
Cheibriados
Dithmenos
Elyvilon
Fedhas
Gozag
Hepliaklqana
Kikubaaqudgha
Makhleb
Nemelex Xobeh
Okawaru
Qazlal
Ru
Sif Muna
Trog
Uskayaw
Vehumet
Wu Jian
Xom
Yredelemnul
Zin
The Shining One

Shops:
D:5 %*(   D:6 *

Annotations:
D:3 3 runed doors, appiemonkey's ghost, amateur MfGl
D:6 2 transporters, mopl's ghost, novice DEEE


Innate Abilities, Weirdness & Mutations

You reflexively headbutt those who attack you in melee.
You have a pair of horns on your head.


Message History

Your shield prevents you from hitting the deep elf mage.
The deep elf mage is heavily wounded.
Your shield prevents you from hitting the ice beast.
Your shield and plate armour prevent you from hitting the ice beast.
You block the ice beast's attack. x2; You block the deep elf mage's attack.
The ice beast completely misses you. You furiously retaliate!
You headbutt the ice beast. You slash the deep elf mage!
The deep elf mage is heavily wounded.
Your plate armour prevents you from hitting the ice beast.
You hit the ice beast but do no damage. You block the ice beast's attack.
The deep elf mage barely misses you. The ice beast barely misses you.
You block the ice beast's attack.
You miss the deep elf mage.
The deep elf mage is heavily wounded.
You hit the ice beast. You closely miss the ice beast.
The deep elf mage points at you and mumbles some strange words.
The shard of ice hits you!
Ouch! That really hurt!
You die...

+#####
#....##
#.....#
#..∩..#
#.....#
##...###
####'##@Y#
##...##.Ye.#
#.....#....#
#..∩..##..##
##...######
#####


You could see a deep elf mage and 2 ice beasts.

Vanquished Creatures
  Eustachio (D:5)
  Menkaure (D:5)
  An ice beast (D:5)
  An orc warrior (D:6)
  A phantom (D:5)
  A centaur (D:6)
  A scorpion (D:6)
  2 crimson imps (D:6)
  2 hounds
  2 orc priests
  A centaur skeleton (D:4)
  An iguana (D:5)
  Natasha (thrice) (D:4)
  An orc wizard (D:6)
  5 worker ants
  A hound skeleton (D:5)
  A worker ant zombie (D:5)
  4 gnolls (D:5)
  A howler monkey skeleton (D:7)
  7 adders
  A shadow imp (D:6)
  A worm (D:5)
  2 leopard geckos
  33 orcs
  A ball python (D:5)
  4 giant cockroaches
  13 goblins
  10 hobgoblins
  7 jackals (D:3)
  5 quokkas
  6 bats
  3 frilled lizards
  A jackal zombie (D:6)
  8 kobolds
  3 quokka skeletons (D:5)
  9 rats
145 creatures vanquished.

Notes
Turn   | Place    | Note
-------+----------+-------------------------------------------
     0 | D:1      | wojtek the Minotaur Fighter began the quest for the Orb.
     0 | D:1      | Reached XP level 1. HP: 19/19 MP: 0/0
   238 | D:1      | Reached skill level 3 in Axes
   401 | D:1      | Reached XP level 2. HP: 22/26 MP: 1/1
   705 | D:1      | Reached skill level 4 in Axes
   968 | D:2      | Reached XP level 3. HP: 31/31 MP: 2/2
  1284 | D:2      | Reached skill level 5 in Axes
  1663 | D:3      | Reached XP level 4. HP: 30/39 MP: 3/3
  2096 | D:3      | Found a runed gate.
  2097 | D:3      | Found a runed gate.
  2099 | D:3      | Found a runed gate.
  2101 | D:3      | Noticed appiemonkey's ghost (amateur MfGl)
  2150 | D:3      | Reached skill level 6 in Axes
  2295 | D:3      | Found a shadowy altar of Dithmenos.
  2353 | D:3      | Reached XP level 5. HP: 42/45 MP: 4/4
  2743 | D:4      | Reached skill level 7 in Axes
  2763 | D:4      | Noticed Natasha
  2770 | D:4      | Killed Natasha
  3179 | D:4      | Reached XP level 6. HP: 51/51 MP: 5/5
  3211 | D:4      | Noticed Natasha
  3218 | D:4      | Killed Natasha
  3362 | D:4      | Found a staircase to the Ecumenical Temple.
  3517 | D:4      | Noticed Natasha
  3521 | D:4      | Killed Natasha
  3609 | Temple   | Entered the Ecumenical Temple
  3756 | Temple   | Became a worshipper of Makhleb the Destroyer
  3853 | D:5      | Entered Level 5 of the Dungeon
  3910 | D:5      | Noticed an ice beast
  3917 | D:5      | Killed an ice beast
  3917 | D:5      | Reached skill level 1 in Dodging
  3917 | D:5      | Reached skill level 1 in Invocations
  3948 | D:5      | Found Quireakh's Food Shoppe.
  4035 | D:5      | Found Hikkohys's Weapon Boutique.
  4055 | D:5      | Reached skill level 8 in Axes
  4096 | D:5      | Reached XP level 7. HP: 33/59 MP: 7/7
  4238 | D:5      | Noticed Menkaure
  4249 | D:5      | Killed Menkaure
  4451 | D:5      | Noticed Eustachio
  4484 | D:5      | Killed Eustachio
  4612 | D:5      | Found Desacui's General Store.
  5087 | D:6      | Reached * piety under Makhleb
  5122 | D:6      | Reached XP level 8. HP: 59/67 MP: 9/9
  5128 | D:6      | Reached skill level 5 in Fighting
  5128 | D:6      | Reached skill level 5 in Armour
  5128 | D:6      | Reached skill level 5 in Shields
  5199 | D:6      | Noticed mopl's ghost (novice DEEE)
  5205 | D:6      | Found a transporter.
  5207 | D:6      | Noticed a two-headed ogre
  5229 | D:6      | Found a transporter.
  5312 | D:6      | Found a snail-covered altar of Cheibriados.
  5505 | D:6      | Found a shattered altar of Ashenzari.
  5575 | D:6      | Found Yfav's General Store.
  5788 | D:7      | Found a flagged portal.
  5807 | Bailey   | Entered a bailey
  5820 | Bailey   | Noticed a deep elf mage
  5830 | Bailey   | Killed from afar by a deep elf mage

Skill      XL: |  1  2  3  4  5  6  7  8 |
---------------+-------------------------+-----
Axes           | 3 4 5 6 7 8 |  8.7
Armour         | 4 5 |  5.3
Dodging        | 1 2 3 |  3.1
Invocations    | 1 3 4 |  4.1
Fighting       | 4 5 |  5.3
Shields        | 4 5 |  5.3

Action                   |  1- 3 |  4- 6 |  7- 9 || total
-------------------------+-------+-------+-------++-------
Melee: War axe           |    92 |   160 |   179 ||   431
       Headbutt          |    10 |    26 |    31 ||    67
  Use: Scroll            |       |     6 |       ||     6
  Eat: Chunk             |     2 |     8 |     6 ||    16
Armor: Scale mail        |    40 |    37 |       ||    77
       Chain mail        |       |    16 |       ||    16
       Plate armour      |       |    26 |   118 ||   144
Dodge: Dodged            |    26 |    31 |    57 ||   114
Block: Shield            |    45 |    62 |   100 ||   207
